 Dungeon Crawl Stone Soup version 0.29.0-4-gdea44cf6ec (webtiles) character file.

Game seed: 16534528665678909273

11947 qw the Brawler (level 11, -5/109 HPs)
             Began as a Troll Cinder Acolyte on Aug 30, 2022.
             Was an Initiate of Okawaru.
             Slain by a fire elemental (7 damage)
             ... created by the fiery vengeance of Ignis
             ... on level 1 of the Lair of Beasts.
             The game lasted 00:04:45 (8233 turns).

qw the Brawler (Troll Cinder Acolyte)               Turns: 8233, Time: 00:04:46

Health: -5/109     AC:  6    Str: 28    XL:     11   Next: 56%
Magic:  11/11      EV: 10    Int: 10    God:    Okawaru [......]
Gold:   473        SH:  0    Dex: 11    Spells: 12/12 levels left

rFire   . . .      SeeInvis .     - Unarmed
rCold   . . .      Faith    .   (no shield)
rNeg    . . .      Spirit   .   i - +2 robe {rF+}
rPois   +          Reflect  .   (helmet restricted)
rElec   .          Harm     .   (no cloak)
rCorr   .          Rampage  .   (gloves unavailable)
Will    .....                   (boots unavailable)
Stlth   +.........              (no amulet)
HPRegen 1.08/turn               l - +6 ring of dexterity
MPRegen 0.12/turn               d - ring of poison resistance

@: about to teleport, fire susceptible
A: large, unfitting armour, claws 3, regeneration 1, shaggy fur 1, tough skin 1
a: Renounce Religion


You were on level 1 of the Lair of Beasts.
You worshipped Okawaru.
Okawaru was noncommittal.
You visited 3 branches of the dungeon, and saw 11 of its levels.

You collected 497 gold pieces.
You spent 24 gold pieces at shops.


Innate Abilities, Weirdness & Mutations

You are too large for most types of armour.
You have claws for hands.
Your natural rate of healing is unusually fast.
You are covered in fur. (AC +1)
You have tough skin. (AC +1)


   Skills:
 - Level 7.1 Fighting
 - Level 2.2 Throwing
 - Level 3.2 Dodging
 + Level 16.0 Unarmed Combat
 - Level 1.0 Spellcasting
 - Level 2.1 Fire Magic


You had 12 spell levels left.
You didn't know any spells.
Your spell library contained the following spells:

 Spells                   Type           Power      Damage    Failure   Level
 Scorch                   Fire           8%         2d5       22%         2

Inventory:

Missiles
 n - 3 boomerangs (quivered)
Armour
 i - a +2 robe of fire resistance (worn)
Jewellery
 d - a ring of poison resistance (right claw)
 e - a ring of poison resistance
 h - a ring of positive energy
 l - a +6 ring of dexterity (left claw)
Scrolls
 b - 2 scrolls of enchant weapon
 c - a scroll of enchant armour
 k - 2 scrolls of identify
Potions
 f - a potion of mutation
 g - 2 potions of might
 j - a potion of curing
 o - 4 potions of haste

Dungeon Overview and Level Annotations

Branches:
Dungeon (9/15)             Temple (1/1) D:4            Lair (1/5) D:9
    Orc: D:9-12

Altars:
Ashenzari
Cheibriados
Dithmenos
Elyvilon
Fedhas
Gozag
Hepliaklqana
Kikubaaqudgha
Makhleb
Nemelex Xobeh
Okawaru
Ru
Sif Muna
Trog
Uskayaw
Vehumet
Wu Jian
Xom
Yredelemnul
The Shining One

Shops:
D:2 *   D:3 [   D:7 (


Message History

You claw the fire elemental!
The fire elemental is moderately damaged.
You barely miss the fire elemental.
The fire elemental is moderately damaged.
You closely miss the fire elemental.
The fire elemental is moderately damaged.
The fire elemental barely misses you. The fire elemental hits you.
The fire elemental burns you!
You closely miss the fire elemental.
The fire elemental is moderately damaged.
The fire elemental hits you. The fire elemental burns you!
The fire elemental hits you. The fire elemental burns you!
You scratch the fire elemental but do no damage.
The fire elemental is moderately damaged.
The fire elemental completely misses you.
The fire elemental hits you. The fire elemental burns you!
You scratch the fire elemental but do no damage.
You claw the fire elemental!
The fire elemental is almost destroyed.
The fire elemental hits you. The fire elemental burns you!
The fire elemental misses you.
You scratch the fire elemental.
The fire elemental is almost destroyed.
The fire elemental hits you. The fire elemental burns you!
The fire elemental hits you. The fire elemental burns you!
You mangle the fire elemental!!
You destroy the fire elemental!
That felt strangely unrewarding.
The fire elemental hits you. The fire elemental burns you!
8231 ||| READING scroll of teleportation.
As you read the scroll of teleportation, it crumbles to dust.
You feel strangely unstable. The fire elemental hits you.
The fire elemental burns you!
You mangle the fire elemental!!
The fire elemental is severely damaged.
The fire elemental hits you. The fire elemental burns you!
You barely miss the fire elemental.
The fire elemental is severely damaged.
The fire elemental hits you. The fire elemental burns you!
You die...

.........###.##.######....######.
............<....................
##########P#######.###########.##
# # ### ### ## ###### ##
P####.##.########.####.#
.............%..@.......
##...####..####/#E.....~ #..##
#.## ###......P #..# #.# #.....P
#.P# #.# ..>... #..# #.# ......
.... ... ..... ####. ### ##### ##


You could see a fire elemental.

Vanquished Creatures
  Erica (D:8)
  5 death yaks
  Pikel (D:8)
  A cane toad (Lair:1)
  A komodo dragon (D:6)
  Psyche (D:8)
  A polar bear (Lair:1)
  11 yaks
  2 wyverns
  A fire elemental (Lair:1)
  A steam dragon (D:7)
  5 water moccasins
  3 ice beasts
  2 sky beasts
  A black bear (D:4)
  4 orc warriors
  4 centaurs
  3 ogres
  4 wolves (Lair:1)
  2 lemures (D:8)
  A kobold brigand (D:7)
  2 phantoms (D:5)
  Blork the orc (D:6)
  2 bullfrogs
  2 necrophages
  12 wights
  7 killer bees
  5 howler monkeys
  6 hounds
  2 jellies
  A gnoll bouda (D:9)
  7 orc priests
  3 iguanas
  8 orc wizards
  4 adders
  13 gnolls
  3 shadow imps
  2 white imps (D:8)
  2 ufetubi
  2 worms (D:2)
  33 orcs
  4 ball pythons
  10 endoplasms
  2 giant cockroaches
  9 goblins
  10 hobgoblins
  8 jackals
  9 kobolds
  4 quokkas
  5 bats
  4 frilled lizards
  10 rats
247 creatures vanquished.

Vanquished Creatures (others)
  A fungus (Lair:1)
  10 plants (D:2)
11 creatures vanquished.

Grand Total: 258 creatures vanquished

Notes
Turn   | Place    | Note
-------+----------+-------------------------------------------
     0 | D:1      | qw the Troll Cinder Acolyte began the quest for the Orb.
     0 | D:1      | Reached XP level 1. HP: 22/22 MP: 1/1
     0 | D:1      | 0 ||| qw: Version: 0.1-a-97-g2dd2ca4
     0 | D:1      | 0 ||| qw: Game counter: 4465
     0 | D:1      | 0 ||| qw: Always use a shield: true
     0 | D:1      | 0 ||| qw: God list: Okawaru
     0 | D:1      | 0 ||| qw: Allow faded altars: false
     0 | D:1      | 0 ||| qw: Do Orc after D:15 true
     0 | D:1      | 0 ||| qw: Do second Lair branch before Depths: true
     0 | D:1      | 0 ||| qw: Lair rune preference: random
     0 | D:1      | 0 ||| qw: Plans: Normal
     0 | D:1      | 0 ||| PLANNING D:1-11
    36 | D:1      | 36 ||| INVOKING Fiery Armour.
    37 | D:1      | 37 ||| Stepping ~*~*~tactically~*~*~ (outnumbered).
    47 | D:1      | 47 ||| Stepping ~*~*~tactically~*~*~ (outnumbered).
    48 | D:1      | Reached XP level 2. HP: 10/29 MP: 2/2
    48 | D:1      | 48 ||| Stepping ~*~*~tactically~*~*~ (outnumbered).
    50 | D:1      | Reached skill level 4 in Unarmed Combat
    50 | D:1      | 50 ||| Stepping ~*~*~tactically~*~*~ (outnumbered).
   100 | D:1      | Reached XP level 3. HP: 36/36 MP: 3/3
   152 | D:1      | 152 ||| Stepping ~*~*~tactically~*~*~ (outnumbered).
   153 | D:1      | 153 ||| Stepping ~*~*~tactically~*~*~ (outnumbered).
   154 | D:1      | 154 ||| Stepping ~*~*~tactically~*~*~ (outnumbered).
   155 | D:1      | 155 ||| Stepping ~*~*~tactically~*~*~ (outnumbered).
   162 | D:1      | 162 ||| Stepping ~*~*~tactically~*~*~ (outnumbered).
   163 | D:1      | 163 ||| Stepping ~*~*~tactically~*~*~ (outnumbered).
   164 | D:1      | 164 ||| Stepping ~*~*~tactically~*~*~ (outnumbered).
   165 | D:1      | 165 ||| Stepping ~*~*~tactically~*~*~ (outnumbered).
   166 | D:1      | 166 ||| Stepping ~*~*~tactically~*~*~ (outnumbered).
   289 | D:1      | 289 ||| Stepping ~*~*~tactically~*~*~ (stealth).
   838 | D:1      | 838 ||| READING scroll labelled VUVE UKOUKK.
   839 | D:1      | 839 ||| READING scroll labelled COIQOU QAKKU.
   914 | D:2      | Found Pil Hia's Assorted Antiques.
   921 | D:2      | 921 ||| BUYING bubbling orange potion (24 gold).
   921 | D:2      | Bought a bubbling orange potion for 24 gold pieces
   921 | D:2      | 921 ||| SHOPLISTING golden potion (24 gold, have 4).
   921 | D:2      | 921 ||| SHOPLISTING red potion (24 gold, have 4).
   921 | D:2      | 921 ||| SHOPLISTING scroll labelled YMUHEAPPIWK (27 gold,
                  | have 4).
   921 | D:2      | 921 ||| SHOPLISTING viscous golden potion (24 gold, have
                  | 4).
   972 | D:2      | 972 ||| Stepping ~*~*~tactically~*~*~ (stealth).
   982 | D:2      | 982 ||| Stepping ~*~*~tactically~*~*~ (stealth).
   995 | D:2      | 995 ||| Stepping ~*~*~tactically~*~*~ (outnumbered).
   996 | D:2      | 996 ||| Stepping ~*~*~tactically~*~*~ (outnumbered).
  1001 | D:2      | 1001 ||| Stepping ~*~*~tactically~*~*~ (outnumbered).
  1064 | D:2      | Reached XP level 4. HP: 44/44 MP: 4/4
  1259 | D:2      | Reached skill level 5 in Unarmed Combat
  1594 | D:2      | 1594 ||| Stepping ~*~*~tactically~*~*~ (hiding).
  1599 | D:2      | 1599 ||| Stepping ~*~*~tactically~*~*~ (outnumbered).
  1605 | D:2      | 1605 ||| Stepping ~*~*~tactically~*~*~ (outnumbered).
  1606 | D:2      | 1606 ||| Stepping ~*~*~tactically~*~*~ (outnumbered).
  1607 | D:2      | 1607 ||| Stepping ~*~*~tactically~*~*~ (outnumbered).
  1608 | D:2      | 1608 ||| Stepping ~*~*~tactically~*~*~ (outnumbered).
  1609 | D:2      | 1609 ||| Stepping ~*~*~tactically~*~*~ (outnumbered).
  1610 | D:2      | 1610 ||| Stepping ~*~*~tactically~*~*~ (outnumbered).
  1611 | D:2      | 1611 ||| Stepping ~*~*~tactically~*~*~ (outnumbered).
  1613 | D:2      | 1613 ||| Stepping ~*~*~tactically~*~*~ (outnumbered).
  1615 | D:2      | 1615 ||| Stepping ~*~*~tactically~*~*~ (outnumbered).
  1618 | D:2      | 1618 ||| Stepping ~*~*~tactically~*~*~ (outnumbered).
  1964 | D:2      | 1964 ||| READING scroll labelled CUEWNERRA.
  1965 | D:2      | 1965 ||| READING scroll labelled MYOCVI PITOKA.
  1966 | D:2      | 1966 ||| READING scroll labelled JAEDUT COLIA.
  1967 | D:2      | 1967 ||| READING scroll labelled AZXUKUTUDY.
  1968 | D:2      | 1968 ||| DRINKING 3 glowing inky potions.
  2252 | D:3      | Found a faded altar of an unknown god.
  2343 | D:3      | Noticed a necrophage
  2347 | D:3      | Killed a necrophage
  2348 | D:3      | Reached XP level 5. HP: 50/50 MP: 5/5
  2353 | D:3      | 2353 ||| Stepping ~*~*~tactically~*~*~ (outnumbered).
  2354 | D:3      | 2354 ||| Stepping ~*~*~tactically~*~*~ (outnumbered).
  2356 | D:3      | 2356 ||| Stepping ~*~*~tactically~*~*~ (outnumbered).
  2368 | D:3      | Reached skill level 6 in Unarmed Combat
  2422 | D:3      | 2422 ||| Stepping ~*~*~tactically~*~*~ (stealth).
  2429 | D:3      | HP: 12/50 [orc/+0 short sword of electrocution (16)]
  2430 | D:3      | 2430 ||| READING scroll of teleportation.
  2431 | D:3      | 2431 ||| DRINKING 2 potions of heal wounds.
  2432 | D:3      | 2432 ||| Stepping ~*~*~tactically~*~*~ (outnumbered).
  2433 | D:3      | 2433 ||| Stepping ~*~*~tactically~*~*~ (outnumbered).
  2433 | D:3      | Found Keiz's Armour Boutique.
  2448 | D:3      | 2448 ||| READING scroll labelled EPTAVI KIOTUITZ.
  2682 | D:3      | 2682 ||| Stepping ~*~*~tactically~*~*~ (outnumbered).
  2961 | D:3      | 2961 ||| UPGRADING to +6 ring of dexterity.
  2962 | D:3      | 2962 ||| READING scroll labelled TIOMICR UR JUUKU.
  2963 | D:3      | 2963 ||| READING scroll labelled QEKHLE GYSIU.
  2964 | D:3      | 2964 ||| DRINKING 3 amethyst potions.
  2965 | D:3      | 2965 ||| DRINKING 2 fuming puce potions.
  2966 | D:3      | 2966 ||| DRINKING 2 inky potions.
  2983 | D:3      | 2983 ||| DROPPING 2 potions of brilliance.
  2984 | D:3      | 2984 ||| DROPPING potion of lignification.
  3064 | D:4      | 3064 ||| Stepping ~*~*~tactically~*~*~ (hiding).
  3076 | D:4      | Reached skill level 1 in Dodging
  3181 | D:4      | Noticed a black bear
  3191 | D:4      | Killed a black bear
  3192 | D:4      | Reached XP level 6. HP: 54/59 MP: 6/6
  3248 | D:4      | 3248 ||| Stepping ~*~*~tactically~*~*~ (hiding).
  3252 | D:4      | 3252 ||| Stepping ~*~*~tactically~*~*~ (hiding).
  3255 | D:4      | 3255 ||| Stepping ~*~*~tactically~*~*~ (outnumbered).
  3256 | D:4      | 3256 ||| Stepping ~*~*~tactically~*~*~ (outnumbered).
  3257 | D:4      | 3257 ||| Stepping ~*~*~tactically~*~*~ (outnumbered).
  3269 | D:4      | Reached skill level 7 in Unarmed Combat
  3307 | D:4      | Reached XP level 7. HP: 46/66 MP: 7/7
  3321 | D:4      | Reached skill level 8 in Unarmed Combat
  3337 | D:4      | Found a staircase to the Ecumenical Temple.
  3346 | D:4      | Reached skill level 3 in Fighting
  3357 | D:4      | 3357 ||| Stepping ~*~*~tactically~*~*~ (stealth).
  3358 | D:4      | 3358 ||| Stepping ~*~*~tactically~*~*~ (stealth).
  3535 | D:4      | 3535 ||| Stepping ~*~*~tactically~*~*~ (stealth).
  3541 | D:4      | 3541 ||| Stepping ~*~*~tactically~*~*~ (outnumbered).
  3542 | D:4      | 3542 ||| Stepping ~*~*~tactically~*~*~ (outnumbered).
  3548 | D:4      | 3548 ||| Stepping ~*~*~tactically~*~*~ (outnumbered).
  3551 | D:4      | 3551 ||| Stepping ~*~*~tactically~*~*~ (outnumbered).
  3552 | D:4      | 3552 ||| Stepping ~*~*~tactically~*~*~ (outnumbered).
  3553 | D:4      | 3553 ||| Stepping ~*~*~tactically~*~*~ (outnumbered).
  3554 | D:4      | 3554 ||| Stepping ~*~*~tactically~*~*~ (outnumbered).
  3704 | D:4      | 3704 ||| UPGRADING to ring of poison resistance.
  3705 | D:4      | 3705 ||| READING scroll labelled XANO JYASUW.
  3706 | D:4      | 3706 ||| DRINKING 2 gluggy clear potions.
  3707 | D:4      | 3707 ||| READING 4 scrolls of identify.
  3707 | D:4      | 3707 ||| IDENTIFYING cyan potion
  3708 | D:4      | 3708 ||| READING 3 scrolls of identify.
  3708 | D:4      | 3708 ||| IDENTIFYING fizzy white potion
  3709 | D:4      | 3709 ||| READING 2 scrolls of identify.
  3709 | D:4      | 3709 ||| IDENTIFYING bubbling orange potion
  3710 | D:4      | 3710 ||| DROPPING potion of flight.
  3711 | D:4      | 3711 ||| DROPPING potion of berserk rage.
  3712 | D:4      | 3712 ||| DROPPING potion of invisibility.
  3735 | D:5      | Entered Level 5 of the Dungeon
  3764 | D:5      | 3764 ||| Stepping ~*~*~tactically~*~*~ (outnumbered).
  3829 | D:5      | 3829 ||| Stepping ~*~*~tactically~*~*~ (stealth).
  3834 | D:5      | 3834 ||| Stepping ~*~*~tactically~*~*~ (stealth).
  3835 | D:5      | 3835 ||| Stepping ~*~*~tactically~*~*~ (stealth).
  3845 | D:5      | Reached skill level 9 in Unarmed Combat
  3848 | D:5      | Reached XP level 8. HP: 62/75 MP: 8/8
  3863 | D:5      | 3863 ||| Stepping ~*~*~tactically~*~*~ (outnumbered).
  3903 | D:5      | Identified the +1 scale mail "Lowock" {rElec rC+ Will++}
  3940 | D:5      | 3940 ||| INVOKING Fiery Armour.
  3942 | D:5      | 3942 ||| Stepping ~*~*~tactically~*~*~ (outnumbered).
  3946 | D:5      | 3946 ||| Stepping ~*~*~tactically~*~*~ (outnumbered).
  3952 | D:5      | Reached skill level 10 in Unarmed Combat
  4113 | D:5      | 4113 ||| Stepping ~*~*~tactically~*~*~ (outnumbered).
  4114 | D:5      | 4114 ||| Stepping ~*~*~tactically~*~*~ (outnumbered).
  4116 | D:5      | HP: 16/75 [ogre/+0 giant spiked club (27)]
  4117 | D:5      | 4117 ||| DRINKING potion of heal wounds.
  4118 | D:5      | 4118 ||| INVOKING Fiery Armour.
  4119 | D:5      | HP: 5/75 [ogre/+0 giant spiked club (30)]
  4497 | D:5      | Found a shimmering altar of Xom.
  4651 | D:6      | 4651 ||| Stepping ~*~*~tactically~*~*~ (stealth).
  4655 | D:6      | 4655 ||| Stepping ~*~*~tactically~*~*~ (hiding).
  4687 | D:6      | Noticed a komodo dragon
  4693 | D:6      | Killed a komodo dragon
  4694 | D:6      | Reached XP level 9. HP: 54/84 MP: 9/9
  4749 | D:6      | Reached skill level 11 in Unarmed Combat
  4863 | D:6      | Noticed Blork the orc
  4864 | D:6      | 4864 ||| Stepping ~*~*~tactically~*~*~ (hiding).
  4966 | D:6      | 4966 ||| Stepping ~*~*~tactically~*~*~ (hiding).
  4967 | D:6      | 4967 ||| Stepping ~*~*~tactically~*~*~ (hiding).
  4973 | D:6      | Killed Blork the orc
  5028 | D:6      | Found a radiant altar of Vehumet.
  5028 | D:6      | Found an opulent altar of Gozag.
  5032 | D:6      | Found a shadowy altar of Dithmenos.
  5032 | D:6      | Found a white marble altar of Elyvilon.
  5296 | D:6      | 5296 ||| DRINKING 2 red potions.
  5297 | D:6      | 5297 ||| READING 2 scrolls of identify.
  5297 | D:6      | 5297 ||| IDENTIFYING viscous golden potion
  5298 | D:6      | 5298 ||| DROPPING potion of ambrosia.
  5299 | D:6      | 5299 ||| DROPPING potion of degeneration.
  5357 | D:7      | Found Juxim's Antique Weapon Shop.
  5399 | D:7      | 5399 ||| FLEEEEING.
  5445 | D:7      | 5445 ||| INVOKING Fiery Armour.
  5445 | D:7      | HP: 18/74 [wight/+3 halberd (14)]
  5446 | D:7      | HP: 7/72 [wight/+0 war axe (3)]
  5457 | D:7      | 5457 ||| FLEEEEING.
  5480 | D:7      | 5480 ||| FLEEEEING.
  5487 | D:7      | 5487 ||| STAIRDANCE
  5517 | D:6      | 5517 ||| READING 2 scrolls of identify.
  5517 | D:6      | 5517 ||| IDENTIFYING golden potion
  5518 | D:6      | 5518 ||| DROPPING potion of attraction.
  5528 | D:7      | 5528 ||| Stepping ~*~*~tactically~*~*~ (hiding).
  5532 | D:7      | Reached skill level 12 in Unarmed Combat
  5590 | D:7      | 5590 ||| Stepping ~*~*~tactically~*~*~ (stealth).
  5591 | D:7      | 5591 ||| Stepping ~*~*~tactically~*~*~ (stealth).
  5593 | D:7      | 5593 ||| Stepping ~*~*~tactically~*~*~ (stealth).
  5595 | D:7      | 5595 ||| Stepping ~*~*~tactically~*~*~ (stealth).
  5599 | D:7      | 5599 ||| Stepping ~*~*~tactically~*~*~ (stealth).
  5603 | D:7      | 5603 ||| Stepping ~*~*~tactically~*~*~ (outnumbered).
  5604 | D:7      | 5604 ||| Stepping ~*~*~tactically~*~*~ (outnumbered).
  5605 | D:7      | 5605 ||| Stepping ~*~*~tactically~*~*~ (outnumbered).
  5606 | D:7      | 5606 ||| Stepping ~*~*~tactically~*~*~ (outnumbered).
  5607 | D:7      | 5607 ||| Stepping ~*~*~tactically~*~*~ (hiding).
  5609 | D:7      | 5609 ||| INVOKING Fiery Armour.
  5610 | D:7      | 5610 ||| Stepping ~*~*~tactically~*~*~ (outnumbered).
  5611 | D:7      | 5611 ||| Stepping ~*~*~tactically~*~*~ (outnumbered).
  5619 | D:7      | 5619 ||| Stepping ~*~*~tactically~*~*~ (outnumbered).
  5620 | D:7      | 5620 ||| Stepping ~*~*~tactically~*~*~ (outnumbered).
  5667 | D:7      | 5667 ||| Stepping ~*~*~tactically~*~*~ (stealth).
  5668 | D:7      | 5668 ||| DRINKING potion of curing.
  5668 | D:7      | 5668 ||| (to cure confusion)
  5669 | D:7      | 5669 ||| Stepping ~*~*~tactically~*~*~ (hiding).
  5670 | D:7      | 5670 ||| Stepping ~*~*~tactically~*~*~ (hiding).
  5774 | D:7      | 5774 ||| Stepping ~*~*~tactically~*~*~ (stealth).
  5820 | D:7      | 5820 ||| Stepping ~*~*~tactically~*~*~ (hiding).
  5821 | D:7      | 5821 ||| Stepping ~*~*~tactically~*~*~ (hiding).
  5986 | D:7      | 5986 ||| READING scroll labelled TOL TOGILACWI.
  6014 | D:8      | Noticed Psyche
  6022 | D:8      | Killed Psyche
  6023 | D:8      | Reached skill level 13 in Unarmed Combat
  6151 | D:8      | 6151 ||| INVOKING Fiery Armour.
  6154 | D:8      | Reached XP level 10. HP: 85/96 MP: 10/10
  6238 | D:8      | Reached skill level 3 in Dodging
  6242 | D:8      | 6242 ||| Stepping ~*~*~tactically~*~*~ (outnumbered).
  6243 | D:8      | 6243 ||| Stepping ~*~*~tactically~*~*~ (outnumbered).
  6250 | D:8      | Noticed Erica
  6251 | D:8      | 6251 ||| FLEEEEING.
  6252 | D:8      | 6252 ||| STAIRDANCE
  6268 | D:7      | 6268 ||| READING 2 scrolls of identify.
  6268 | D:7      | 6268 ||| IDENTIFYING murky blue potion
  6271 | D:8      | 6271 ||| Stepping ~*~*~tactically~*~*~ (hiding).
  6276 | D:8      | 6276 ||| INVOKING Fiery Armour.
  6285 | D:8      | Killed Erica
  6323 | D:8      | 6323 ||| Stepping ~*~*~tactically~*~*~ (stealth).
  6359 | D:8      | 6359 ||| Stepping ~*~*~tactically~*~*~ (outnumbered).
  6360 | D:8      | 6360 ||| Stepping ~*~*~tactically~*~*~ (outnumbered).
  6362 | D:8      | 6362 ||| Stepping ~*~*~tactically~*~*~ (outnumbered).
  6363 | D:8      | 6363 ||| Stepping ~*~*~tactically~*~*~ (outnumbered).
  6365 | D:8      | Reached skill level 14 in Unarmed Combat
  6457 | D:8      | Identified the +7 hand axe "Erphi" {vorpal, rF++ Int+2
                  | Dex-2}
  6489 | D:8      | 6489 ||| Stepping ~*~*~tactically~*~*~ (stealth).
  6533 | D:8      | Noticed Pikel
  6544 | D:8      | Killed Pikel
  6599 | D:8      | Reached skill level 6 in Fighting
  6629 | D:8      | 6629 ||| Stepping ~*~*~tactically~*~*~ (hiding).
  6639 | D:8      | 6639 ||| INVOKING Fiery Armour.
  6765 | D:8      | 6765 ||| UPGRADING to +2 robe of fire resistance.
  6775 | D:8      | 6775 ||| DROPPING +0 robe.
  6776 | D:8      | 6776 ||| DROPPING ring of magical power.
  6901 | D:9      | Noticed a death yak
  6902 | D:9      | 6902 ||| INVOKING Fiery Armour.
  6903 | D:9      | Noticed a death yak
  6906 | D:9      | Noticed a death yak
  6909 | D:9      | Noticed a death yak
  6910 | D:9      | 6910 ||| Stepping ~*~*~tactically~*~*~ (outnumbered).
  6911 | D:9      | 6911 ||| Stepping ~*~*~tactically~*~*~ (outnumbered).
  6912 | D:9      | 6912 ||| Stepping ~*~*~tactically~*~*~ (outnumbered).
  6913 | D:9      | 6913 ||| Stepping ~*~*~tactically~*~*~ (outnumbered).
  6914 | D:9      | 6914 ||| Stepping ~*~*~tactically~*~*~ (outnumbered).
  6915 | D:9      | 6915 ||| Stepping ~*~*~tactically~*~*~ (outnumbered).
  6916 | D:9      | 6916 ||| STAIRDANCE
  6916 | D:9      | Noticed a death yak
  6918 | D:8      | 6918 ||| Stepping ~*~*~tactically~*~*~ (outnumbered).
  6919 | D:8      | 6919 ||| Stepping ~*~*~tactically~*~*~ (outnumbered).
  6921 | D:8      | 6921 ||| Stepping ~*~*~tactically~*~*~ (outnumbered).
  6928 | D:8      | Killed a death yak
  6930 | D:8      | HP: 24/98 [death yak (16)]
  6931 | D:8      | 6931 ||| DRINKING potion of heal wounds.
  6932 | D:8      | Killed a death yak
  6933 | D:8      | Reached XP level 11. HP: 33/105 MP: 11/11
  7006 | D:9      | 7006 ||| STAIRDANCE
  7011 | D:8      | 7011 ||| INVOKING Fiery Armour.
  7016 | D:8      | HP: 26/105 [death yak (22)]
  7017 | D:8      | Killed a death yak
  7018 | D:8      | Reached skill level 15 in Unarmed Combat
  7093 | D:9      | 7093 ||| STAIRDANCE
  7101 | D:8      | Killed a death yak
  7148 | D:9      | 7148 ||| INVOKING Fiery Armour.
  7152 | D:9      | Killed a death yak
  7153 | D:9      | 7153 ||| STAIRDANCE
  7204 | D:9      | 7204 ||| Stepping ~*~*~tactically~*~*~ (stealth).
  7207 | D:9      | 7207 ||| Stepping ~*~*~tactically~*~*~ (stealth).
  7233 | D:9      | Reached skill level 16 in Unarmed Combat
  7248 | D:9      | Found a staircase to the Lair.
  7249 | D:9      | 7249 ||| Stepping ~*~*~tactically~*~*~ (hiding).
  7255 | D:9      | 7255 ||| Stepping ~*~*~tactically~*~*~ (hiding).
  7257 | D:9      | 7257 ||| Stepping ~*~*~tactically~*~*~ (hiding).
  7307 | D:9      | 7307 ||| Stepping ~*~*~tactically~*~*~ (stealth).
  7308 | D:9      | 7308 ||| Stepping ~*~*~tactically~*~*~ (stealth).
  7319 | D:9      | 7319 ||| Stepping ~*~*~tactically~*~*~ (hiding).
  7407 | D:9      | 7407 ||| INVOKING Fiery Armour.
  7416 | D:9      | 7416 ||| DRINKING potion of curing.
  7416 | D:9      | 7416 ||| (to cure confusion)
  7484 | D:9      | 7484 ||| PLANNING TEMPLE
  7606 | Temple   | Entered the Ecumenical Temple
  7710 | Temple   | 7710 ||| PLANNING CONVERSION TO OKAWARU
  7717 | Temple   | Fell from the grace of Ignis
  7717 | Temple   | Became a worshipper of Warmaster Okawaru
  7718 | Temple   | 7718 ||| PLANNING LAIR
  7921 | Lair:1   | Entered Level 1 of the Lair of Beasts
  8230 | Lair:1   | HP: 22/109 [fire elemental[the fiery vengeance of Ignis]
                  | (8)]
  8231 | Lair:1   | 8231 ||| READING scroll of teleportation.
  8232 | Lair:1   | HP: 1/109 [fire elemental[the fiery vengeance of Ignis]
                  | (12)]
  8233 | Lair:1   | Slain by a fire elemental

Levels and vault maps discovered:
D:1:      ncdulo_lavacross, layout_basic, kennysheep_decorative_pillar
D:2:      wander_river, layout_basic, serial_bayou, serial_bayou_shore_b,
          serial_bayou_shore_b, serial_bayou_lagoon_a, serial_bayou_pond_b,
          serial_bayou_shore_a, serial_shops, nicolae_shop_trees,
          grunt_ministairs_4, minmay_rat_gold_closets
D:3:      layout_basic, hellmonk_ecumenical_altar_zigzags, serial_shops,
          nicolae_shop_hallway_plus
D:4:      layout_basic, minmay_temple_entry_statues_fountains
D:5:      layout_basic, mainiacjoe_overflow_alcove_2, hangedman_minor_gate_pass
D:6:      layout_basic, grunt_temple_overflow_open, uniq_blork_the_orc
D:7:      layout_rooms, serial_shops, kennysheep_little_box,
          kennysheep_small_circle
D:8:      layout_basic, uniq_psyche, uniq_pikel, uniq_erica
D:9:      layout_basic, dpeg_lair_monsters
Temple:   minmay_crystal_spiral_temple
Lair:1:   layout_small_grid, chequers_serial_rivers_room_a, serial_bayou_pond_c,
          minmay_holes

Skill      XL: |  1  2  3  4  5  6  7  8  9 10 11 |
---------------+----------------------------------+-----
Unarmed Combat | 4 5 6 7 9 10 13 14 16 | 16.0
Dodging        | 1 2 3 |  3.2
Fighting       | 3 4 5 6 7 |  7.1
Throwing       | 2 |  2.2
Spellcasting   | |  1.0
Fire Magic     | |  2.1

Action                   |  1- 3 |  4- 6 |  7- 9 | 10-12 || total
-------------------------+-------+-------+-------+-------++-------
Melee: Unarmed           |    86 |   124 |   204 |   204 ||   618
       Punch             |     1 |     4 |    12 |    18 ||    35
Throw: Boomerang         |       |       |    57 |    35 ||    92
Invok: Fiery Armour      |     1 |       |     5 |     6 ||    12
  Use: Scroll            |     2 |     8 |     7 |     2 ||    19
       Potion            |       |     5 |     4 |     2 ||    11
Armor: Robe              |    32 |    31 |    56 |    51 ||   170
Dodge: Dodged            |    47 |    39 |    80 |    87 ||   253

Table legend:
 A = Non-vault XP
 B = Vault XP
 C = Vault XP percentage of total XP
 D = Non-vault monster count
 E = Vault monster count
 F = Vault count percentage of total count
                 A         B        C        D         E       F
            +---------+---------+-------+---------+---------+-------
      Total |   10459 |    6609 |  38.7 |     213 |      31 |  12.7
            +---------+---------+-------+---------+---------+-------
        D:1 |      68 |       0 |   0.0 |      25 |       0 |   0.0
        D:2 |      49 |      19 |  27.9 |      19 |      12 |  38.7
        D:3 |     150 |       0 |   0.0 |      16 |       0 |   0.0
        D:4 |     669 |       0 |   0.0 |      26 |       0 |   0.0
        D:5 |     833 |     538 |  39.2 |      23 |       9 |  28.1
        D:6 |     792 |      94 |  10.6 |      11 |       1 |   8.3
        D:7 |    1868 |      35 |   1.8 |      30 |       1 |   3.2
        D:8 |    2260 |    5098 |  69.3 |      27 |       7 |  20.6
        D:9 |    2354 |     825 |  26.0 |      28 |       1 |   3.4
     Lair:1 |    1416 |       0 |   0.0 |       8 |       0 |   0.0
            +---------+---------+-------+---------+---------+-------
